 Dungeon Crawl Stone Soup version 0.28.0-45-g0d030f2227 (webtiles) character file.

Game seed: 15563345567446539023

2680 pkoi the Zephyrmancer (level 9, -5/70 HPs)
             Began as a Demigod Air Elementalist on Apr 11, 2022.
             Slain by an orc warrior
             ... wielding a +0 halberd
              (16 damage)
             ... on level 7 of the Dungeon.
             The game lasted 00:10:51 (9977 turns).

pkoi the Zephyrmancer (Demigod Air Elementalist)    Turns: 9977, Time: 00:10:52

Health: -5/70      AC:  5    Str:  9    XL:     9   Next: 15%
Magic:  2/18       EV: 14    Int: 29    God:
Gold:   409        SH:  0    Dex: 20    Spells: 0/16 levels left

rFire   + + .      SeeInvis .   r - staff of air
rCold   . . .      Faith    .   (no shield)
rNeg    . . .      Spirit   .   t - +1 robe {rF+}
rPois   .          Reflect  .   f - +1 helmet
rElec   +          Harm     .   g - scarf {+Inv}
rCorr   .          Rampage  .   (no gloves)
Will    .....                   (no boots)
Stlth   ++........              (no amulet)
HPRegen 0.21/turn               u - ring of protection from fire
MPRegen 0.16/turn               v - +6 ring of dexterity

@: lethally poisoned (-5 -> -18), on berserk cooldown, slowed, very slow
A: high MP 1, forlorn, divine attributes
a: Evoke Invisibility


You were on level 7 of the Dungeon.
You visited 1 branch of the dungeon, and saw 7 of its levels.

You collected 409 gold pieces.

Inventory:

Hand Weapons
 i - a +1 dagger of flaming
 l - the +1 broad axe of Foolhardiness {elec, Int+2}
   (You took it off an orc on level 5 of the Dungeon)

   It occasionally discharges a powerful burst of electricity upon striking a
   foe.
   Int:       It affects your intelligence (+2).
Armour
 f - a +1 helmet (worn)
 g - a scarf of invisibility (worn)
 t - a +1 robe of fire resistance (worn)
Magical Staves
 r - a staff of air (weapon)
Jewellery
 u - a ring of protection from fire (left hand)
 v - a +6 ring of dexterity (right hand)
Wands
 j - a wand of flame (11)
 k - a wand of iceblast (7)
Scrolls
 b - a scroll of fog
 p - 2 scrolls of fear
Potions
 c - 2 potions of curing
 e - a potion of attraction
 h - 2 potions of flight
 m - a potion of haste
 n - a potion of lignification
 o - a potion of resistance
 s - a potion of mutation
 w - a potion of degeneration {unknown}


   Skills:
 + Level 3.5 Fighting
 + Level 4.1 Dodging
 - Level 1.7 Stealth
 - Level 4.0 Spellcasting
 - Level 0.8 Conjurations
 * Level 8.5 Air Magic
 + Level 5.1 Poison Magic


You couldn't memorise any spells.
You knew the following spells:

 Your Spells              Type           Power      Damage    Failure   Level
a - Shock                 Conj/Air       100%       1d9       1%          1
b - Static Discharge      Conj/Air       49%        N/A       1%          2
c - Poisonous Vapours     Pois/Air       100%       N/A       1%          2
d - Swiftness             Air            70%        N/A       1%          3
e - Airstrike             Air            35%        N/A       1%          4
f - Olgreb's Toxic Radia  Pois           36%        N/A       9%          4

Your spell library contained the following spells:

 Spells                   Type           Power      Damage    Failure   Level
 Sting                    Tmut/Pois      80%        1d7       2%          1
 Beastly Appendage        Tmut           10%        N/A       7%          1
 Sandblast                Erth           10%        2d5       7%          1
 Spider Form              Tmut/Pois      20%        N/A       7%          3
 Passwall                 Tmut/Erth      4%         N/A       11%         2
 Wereblood                Tmut           5%         N/A       11%         2
 Stone Arrow              Conj/Erth      16%        3d8       17%         3


Dungeon Overview and Level Annotations

Branches:
Dungeon (7/15)             Temple (0/1) D:6

Annotations:
D:5 2 transporters


Innate Abilities, Weirdness & Mutations

You have an increased reservoir of magic. (+10% MP)
You shall have no god before yourself.
Your divine heritage dramatically boosts your attributes as you level up.


Message History

The white imp gestures at you. The puff of frost misses you.
An orc warrior comes into view. It is wielding a +0 dire flail.
The white imp completely misses you.
Unknown command.
As you read the scroll of teleportation, it crumbles to dust.
You feel strangely unstable. The white imp gestures at you.
The puff of frost hits you.
* * * LOW HITPOINT WARNING * * *
The white imp hits you but does no damage.
Your surroundings suddenly seem different.
A scorpion and an orc priest come into view.
As you read the scroll of teleportation, it crumbles to dust.
You feel strangely unstable. The orc priest hits you with a +0 whip.
* * * LOW HITPOINT WARNING * * *
The orc priest hits you but does no damage.
Aiming: Airstrike (dangerous; 1% risk of failure)
Press: ? - help, Q - select action, (/) - cycle Dir - move target, f - orc priest
Aim: an orc priest, wielding a +0 whip (empty space bonus: 7/8)
You feel a surge of power!
The air twists around and strikes the orc priest!
You kill the orc priest!
Your surroundings suddenly seem different. 5 orcs and 5 gnolls come into view.
A gnoll sergeant is wielding a +6 spear of venom.
The gnoll sergeant shouts!
The gnoll shouts! x3; The orc wizard shouts!
You hear a shout!
You hear an angry buzzing noise.
The orc warrior hits you from afar with a +0 halberd!
* * * LOW HITPOINT WARNING * * *
A centaur comes into view.
The gnoll sergeant hits you with a +6 spear of venom!
* * * LOW HITPOINT WARNING * * *
You are poisoned.
The orc priest calls down the wrath of Beogh upon you.
Beogh smites you!
* * * LOW HITPOINT WARNING * * *
The gnoll misses you.
The orc warrior hits you from afar with a +0 halberd!
You die...

#.........
#...oo...c
#...#.o..#
#.......#
#.....g.## ###
##....go..#....
#......g.......
#.....g@....#
###.o...g...#
#.........#
#...##........
..... ..#..#...
##.. .....# #.
#. .....# #.
......#


You could see an orc warrior, a gnoll sergeant, a centaur, 2 orc priests, an orc
wizard, 4 gnolls and an orc (wandering).

Vanquished Creatures
  Joseph (D:7)
  Grinder (D:3)
  A wyvern (D:5)
  A vampire mosquito (D:7)
  2 black bears
  3 ice beasts
  2 necrophages
  2 sky beasts
  2 centaurs (D:7)
  2 phantoms (D:5)
  A kobold brigand (D:7)
  A scorpion (D:4)
  3 bullfrog zombies
  A hound (D:6)
  2 jellies (D:5)
  5 orc priests
  A bullfrog skeleton (D:6)
  An iguana (D:5)
  3 orc wizards
  2 killer bee zombies (D:7)
  A hound zombie (D:5)
  A hound skeleton (D:4)
  6 adders
  A shadow imp (D:4)
  An ufetubus (D:5)
  A worm (D:2)
  A dart slug (D:2)
  17 orcs
  12 ball pythons
  5 bats
  3 endoplasms
  A giant cockroach (D:2)
  9 goblins
  9 hobgoblins
  7 kobolds
  2 quokkas
  A frilled lizard (D:1)
  6 rats
121 creatures vanquished.

Notes
Turn   | Place    | Note
-------+----------+-------------------------------------------
     0 | D:1      | pkoi the Demigod Air Elementalist began the quest for the
                  | Orb.
     0 | D:1      | Reached XP level 1. HP: 14/14 MP: 5/5
   426 | D:1      | Reached skill level 3 in Air Magic
   800 | D:1      | Reached XP level 2. HP: 20/20 MP: 2/7
  1367 | D:1      | Learned a level 2 spell: Static Discharge
  1370 | D:1      | Learned a level 2 spell: Poisonous Vapours
  2121 | D:2      | Reached XP level 3. HP: 26/26 MP: 3/8
  3175 | D:2      | Reached skill level 4 in Air Magic
  3175 | D:2      | Reached XP level 4. HP: 33/33 MP: 7/10
  3493 | D:2      | Reached skill level 1 in Poison Magic
  3813 | D:3      | Noticed Grinder
  3838 | D:3      | Paralysed by Grinder for 4 turns
  3847 | D:3      | Paralysed by Grinder for 6 turns
  3864 | D:3      | Killed Grinder
  3865 | D:3      | Reached XP level 5. HP: 7/38 MP: 2/12
  4222 | D:3      | Learned a level 3 spell: Swiftness
  4610 | D:4      | Noticed a necrophage
  4621 | D:4      | Killed a necrophage
  4622 | D:4      | Reached skill level 5 in Air Magic
  4622 | D:4      | Reached XP level 6. HP: 40/45 MP: 4/14
  5483 | D:4      | Learned a level 4 spell: Airstrike
  5633 | D:5      | Entered Level 5 of the Dungeon
  5795 | D:5      | Reached XP level 7. HP: 34/50 MP: 5/15
  6019 | D:5      | Reached skill level 6 in Air Magic
  6027 | D:5      | Noticed a wyvern
  6041 | D:5      | HP: 2/50 [wyvern (6)]
  6042 | D:5      | Killed a wyvern
  6052 | D:5      | Identified the +1 broad axe of Foolhardiness {elec, Int+2}
  6691 | D:5      | Reached skill level 1 in Fighting
  6920 | D:5      | Reached XP level 8. HP: 59/59 MP: 4/17
  7277 | D:5      | Reached skill level 7 in Air Magic
  7346 | D:5      | Found a transporter.
  7346 | D:5      | Found a transporter.
  8284 | D:6      | Identified the +0 chain mail of Zabeurasm {Fly rF- rCorr
                  | Stlth+}
  8567 | D:6      | Found a staircase to the Ecumenical Temple.
  8907 | D:7      | Noticed Joseph
  8912 | D:7      | Killed Joseph
  9120 | D:7      | Reached skill level 8 in Air Magic
  9718 | D:7      | Reached skill level 5 in Poison Magic
  9718 | D:7      | Reached XP level 9. HP: 62/70 MP: 5/18
  9869 | D:7      | Learned a level 4 spell: Olgreb's Toxic Radiance
  9977 | D:7      | Slain by an orc warrior

Illustrated notes

Levels and vault maps discovered:
D:1:      lemuel_arrival_behind_the_door_large, layout_basic, serial_curves,
          eino_curves_02, eino_curves_03, minmay_split_cup_large
D:2:      minmay_inner_zag, layout_loops_ring, nicolae_underground_beach
D:3:      layout_rooms, grunt_temple_overflow_open,
          hellmonk_ecumenical_altar_run_dry, uniq_grinder
D:4:      layout_basic
D:5:      layout_rooms, kennysheep_mini, gammafunk_temple_overflow_arena
D:6:      layout_basic, minmay_temple_entry_waves
D:7:      minmay_opposing_rooms, layout_cave_pools, uniq_crazy_yiuf_cottage,
          uniq_joseph

Skill      XL: |  1  2  3  4  5  6  7  8  9 |
---------------+----------------------------+-----
Air Magic      | 3 4 5 6 8 |  8.5
Spellcasting   | 2 3 4 |  4.0
Poison Magic   | 2 3 5 |  5.1
Dodging        | 2 3 4 |  4.1
Fighting       | 1 3 |  3.5
Stealth        | |  1.7
Conjurations   | |  0.8

Action                   |  1- 3 |  4- 6 |  7- 9 || total
-------------------------+-------+-------+-------++-------
Melee: Unarmed           |     7 |       |       ||     7
       Staff             |       |       |     1 ||     1
 Cast: Shock             |    97 |    82 |    44 ||   223
       Poisonous Vapours |       |     3 |       ||     3
       Static Discharge  |       |     5 |     4 ||     9
       Airstrike         |       |       |    59 ||    59
Evoke: Wand              |       |       |     4 ||     4
  Use: Scroll            |       |     8 |    11 ||    19
       Potion            |       |       |     1 ||     1
Armor: Robe              |     7 |     5 |     8 ||    20
Dodge: Dodged            |    12 |     7 |    20 ||    39
